AoeStats
← [00]

Nomad

509935678Analyzed
2v2 RM · 4d ago on Sep 28, 2026· 33m 57s· 4 players
Game mode
Random Map
Map size
176×176
Population
200
Speed
Normal
Resources
Standard
Victory
Conquest
Starting age
Dark Age
Ending age
Imperial Age
RankedLock teamsTeams togetherTeam positionsShared explorationLock speedFull tech treeHidden civsTurbo modeCheats
Victory
Defeat
🇨🇭 Malay · Switzerland
1327
+16
🇩🇪 Persians · Germany
1327
+16
🇲🇽 Franks · Mexico
1368
-18
🇺🇸 Chinese · United States
1286
-14
#v0dk4
5:08 Loom
13:48 Feudal Age
14:16 Double-Bit Axe
15:58 Fletching
22:29 Castle Age
22:20 Crossbowman
23:44 Bodkin Arrow
26:14 Medium Warships
28:41 Horse Collar
30:58 Fishing Lines
32:26 Gillnets
33:42 Bow Saw
33:28 Town Watch
[00]
8:58 Loom
11:49 Feudal Age
12:24 Double-Bit Axe
17:06 Fishing Lines
20:29 Castle Age
19:59 Scale Barding Armor
20:04 Forging
22:00 Chain Barding Armor
25:20 Wheelbarrow
26:12 Bloodlines
26:08 Husbandry
27:21 Hand Cart
30:04 Iron Casting
31:13 Bow Saw
Stahlzie
3:48 Loom
14:24 Feudal Age
16:51 Fletching
Wachis
10:06 Loom
12:13 Feudal Age
13:10 Double-Bit Axe
18:00 Castle Age
16:34 Gold Mining
18:06 Loom
18:56 Loom
19:45 Husbandry
20:27 Gold Shaft Mining
21:50 Forging
23:21 Stone Mining
25:16 Wheelbarrow
27:58 Fletching
32:59 Bodkin Arrow
Connection lost

Rejoining the realm…

Still unreachable

The connection could not be restored.

Session expired

The server has moved on; the page needs a fresh start.